 Dungeon Crawl Stone Soup version 0.31-a0-549-gf98fd537a9 (webtiles) character file.

Game seed: 16771527652605891908

230 AdnanSaban the Cudgeller (level 6, 0/38 HPs)
             Began as a Gargoyle Fighter on Aug 16, 2023.
             Slain by a gnoll
             ... wielding a +0 whip
              (5 damage)
             ... on level 4 of the Dungeon.
             The game lasted 00:02:24 (2809 turns).

AdnanSaban the Cudgeller (Gargoyle Fighter)         Turns: 2809, Time: 00:02:25

Health: 0/38       AC: 13    Str: 22    XL:     6   Next: 3%
Magic:  6/6        EV:  9    Int:  8    God:
Gold:   256        SH:  4    Dex:  9    Spells: 5/5 levels left

rFire   . . .        a - +0 flail
rCold   . . .        c - +0 buckler
rNeg    + . .        b - +0 scale mail
rPois   ∞            (no helmet)
rElec   +            (no cloak)
rCorr   .            m - +0 pair of gloves
SInv    .            f - +0 pair of boots
Will    .....        (no amulet) Stlth
                     (no ring)
HPRegen 0.26/turn    (no ring)
MPRegen 0.10/turn

%: no passive effects
@: no status effects
A: sickness immunity, AC +4, negative energy resistance 1, electricity
resistance, torment resistance 1, petrification resistance
a: no special abilities


You were on level 4 of the Dungeon.
You visited 1 branch of the dungeon, and saw 4 of its levels.

You collected 256 gold pieces.

Inventory:

Hand Weapons
 a - a +0 flail (weapon)
Missiles
 g - 3 boomerangs
 v - 6 javelins
 y - 2 poisoned darts
Armour
 b - a +0 scale mail (worn)
 c - a +0 buckler (worn)
 f - a +0 pair of boots (worn)
 m - a +0 pair of gloves (worn)
Jewellery
 e - a +6 ring of intelligence
 k - a ring of ice
 w - a ring of protection from cold
Scrolls
 h - 2 scrolls of immolation {unknown}
 j - 2 scrolls of teleportation {unknown}
 l - 3 scrolls of identify {unknown}
 p - a scroll of revelation {unknown}
 q - a scroll of fear {unknown}
 r - a scroll of enchant armour {unknown}
 x - a scroll of fog {unknown}
Potions
 d - 2 potions of might
 i - a potion of ambrosia {unknown}
 n - a potion of attraction {unknown}
 o - 3 potions of cancellation {unknown}
 s - a potion of curing {unknown}
 t - a potion of mutation {unknown}
 u - 2 potions of haste {unknown}
 z - a potion of enlightenment {unknown}


   Skills:
 + Level 4.1 Fighting
 + Level 4.2 Maces & Flails
 + Level 4.1 Armour
 + Level 1.2 Dodging
 + Level 0.6 Stealth
 + Level 3.8 Shields


You had 5 spell levels left.
You didn't know any spells.
Your spell library contained the following spells:

 Spells                   Type           Power      Damage    Failure   Level
 Apportation              Tloc           0%         N/A       80%         1
 Kiss of Death            Conj/Necr      0%         2d5       80%         1
 Necrotise                Necr           0%         1d4       80%         1
 Summon Small Mammal      Summ           0%         N/A       80%         1
 Ensorcelled Hibernation  Hex/Ice        0%         N/A       90%         2
 Passwall                 Tmut/Erth      0%         N/A       90%         2
 Confusing Touch          Hex            0%         N/A       99%         3
 Swiftness                Air            0%         N/A       99%         3
 Dispel Undead            Necr           0%         3d6       100%        4


Dungeon Overview and Level Annotations

Branches:
Dungeon (4/15)
 Temple: D:4-7

Altars:
Cheibriados
Gozag

Shops:
D:1 =   D:2 ***!   D:4 (


Innate Abilities, Weirdness & Mutations

You are immune to sickness and miasma.
Your stone body is resilient. (AC +4)
You are immune to poison.
You resist negative energy. (rN+)
You are resistant to electric shocks. (rElec)
You are resistant to unholy torment.
You are immune to petrification.


Message History

You hit the gnoll but do no damage. The gnoll hits you but does no damage.
You barely miss the gnoll. You block the gnoll's attack. x2
The gnoll hits you but does no damage. The gnoll hits you with a +0 club.
You closely miss the gnoll. The gnoll hits you with a +0 whip!
The gnoll hits you but does no damage.
You hit the gnoll.
The gnoll is moderately wounded.
The gnoll hits you with a +0 whip. The gnoll hits you with a +0 club.
You are too injured to fight recklessly!
You are too injured to fight recklessly!
You are too injured to fight recklessly!
You are too injured to fight recklessly!
You are too injured to fight recklessly!
You are too injured to fight recklessly!
You are too injured to fight recklessly!
You are too injured to fight recklessly!
You are too injured to fight recklessly!
You are too injured to fight recklessly!
You are too injured to fight recklessly!
You are too injured to fight recklessly!
You are too injured to fight recklessly!
You are too injured to fight recklessly!
You are too injured to fight recklessly!
You are too injured to fight recklessly!
You are too injured to fight recklessly!
The gnoll attacks as you move away! The gnoll closely misses you.
The gnoll attacks as you move away! The gnoll hits you but does no damage.
You block the gnoll's attack. The gnoll attacks as you move away!
The gnoll hits you with a +0 whip.
* * * LOW HITPOINT WARNING * * *
The gnoll attacks as you move away! The gnoll hits you with a +0 club.
* * * LOW HITPOINT WARNING * * *
You hit the gnoll.
The gnoll is severely wounded.
The gnoll hits you with a +0 whip.
* * * LOW HITPOINT WARNING * * *
You closely miss the gnoll.
The gnoll is severely wounded.
The gnoll hits you but does no damage. The gnoll hits you with a +0 whip.
You die...

## #.# ... ..##
#..## ... #.# .
#@# .. ### #g# ..#
.. #.# ##g####..##
#. #.##
#.........# ._
##.###.......##
##. #..#.......##
.. ##......)..#
####.
###.....##.)#
.##....###......##
.##


You could see 2 gnolls.

Vanquished Creatures
  2 orc priests
  2 orc wizards
  A gnoll (D:4)
  3 adders
  3 worms (D:2)
  A dart slug (D:1)
  11 orcs
  3 bats
  5 endoplasms
  2 giant cockroaches
  4 goblins
  8 hobgoblins
  4 kobolds
  5 quokkas
  5 ball pythons
  3 frilled lizards
  3 rats (D:2)
65 creatures vanquished.

Notes
Turn   | Place    | Note
-------+----------+-------------------------------------------
     0 | D:1      | AdnanSaban the Gargoyle Fighter began the quest for the
                  | Orb.
     0 | D:1      | Reached XP level 1. HP: 14/14 MP: 1/1
   143 | D:1      | You fall into a shaft and drop 1 floor!
   155 | D:2      | Found Seegreyt's General Store.
   226 | D:2      | Reached XP level 2. HP: 15/19 MP: 2/2
   228 | D:2      | Found Roresai's General Store.
   544 | D:1      | Found Tym Uwym's Jewellery Boutique.
   975 | D:1      | Reached XP level 3. HP: 24/24 MP: 3/3
  1240 | D:2      | Found Viemino's Distillery.
  1418 | D:2      | Found Zito's General Store.
  1831 | D:3      | Reached XP level 4. HP: 23/29 MP: 4/4
  1894 | D:2      | Reached XP level 5. HP: 30/33 MP: 5/5
  2040 | D:3      | Reached skill level 1 in Dodging
  2046 | D:3      | Found a faded altar of an unknown god.
  2082 | D:3      | Found a snail-covered altar of Cheibriados.
  2761 | D:4      | Found Adea's Weapon Shop.
  2771 | D:4      | Found an opulent altar of Gozag.
  2799 | D:4      | Reached XP level 6. HP: 35/38 MP: 6/6
  2809 | D:4      | Slain by a gnoll

Illustrated notes

Levels and vault maps discovered:
D:1:      dpeg_chamrin_arrival_tetris, layout_loops_corners, serial_bayou,
          serial_bayou_pond_d, serial_bayou_shore_a, serial_bayou_ford_a,
          serial_bayou_crossing, serial_shops, shop_coins
D:2:      layout_basic, serial_shops, shop, shop, nicolae_shop_window_shopping,
          shop
D:3:      layout_basic, amcnicky_altar_gilded,
          hellmonk_ecumenical_altar_arch_garden
D:4:      layout_layer_cave, nicolae_gozag_cash_rules_everything_around_me,
          nicolae_take_the_stairs, nicolae_grassy_gnolls, uniq_edmund,
          uniq_pikel

Skill      XL: |  1  2  3  4  5 |
---------------+----------------+-----
Maces & Flails | 3 4 |  4.2
Fighting       | 4 |  4.1
Dodging        | 1 |  1.2
Armour         | 4 |  4.1
Stealth        | |  0.6
Shields        | |  3.8

Action                     |  1- 3 |  4- 6 || total
---------------------------+-------+-------++-------
  Melee: Flail             |   101 |   125 ||   226
 Armour: Scale mail        |    51 |    86 ||   137
  Dodge: Dodged            |    53 |    87 ||   140
  Block: Buckler           |    15 |    38 ||    53

Table legend: (Time is in decaauts)
 A = Elapsed time spent in this place.
 B = Non-inter-level travel time spent in this place.
 C = Inter-level travel time spent in this place.
 D = Time resting spent in this place.
 E = Time spent auto-exploring this place.
 F = Levels seen in this place.
 G = Mean time per level.
                   A        B        C        D        E       F      G
               +--------+--------+--------+--------+--------+-----+--------+
         Total |   2915 |   2824 |     91 |     93 |   2133 |   4 |  728.8 |
       Dungeon |   2915 |   2824 |     91 |     93 |   2133 |   4 |  728.8 |
               +--------+--------+--------+--------+--------+-----+--------+

Top non-repeatable levels by time:
     D:1: 1128 daAuts
     D:3: 802 daAuts
     D:2: 714 daAuts
     D:4: 269 daAuts
